 Dungeon Crawl Stone Soup version 0.31.0-32-g396128a36d (webtiles) character file.

Game seed: 234444746143493137

65 AdnanSaban the Trooper (level 4, -7/29 HPs)
             Began as a Gargoyle Fighter on Apr 17, 2024.
             Killed by divine providence
             ... invoked by an orc priest
              (14 damage)
             ... on level 3 of the Dungeon.
             The game lasted 00:01:23 (1413 turns).

AdnanSaban the Trooper (Gargoyle Fighter)           Turns: 1413, Time: 00:01:25

Health: -7/29      AC: 18    Str: 21    XL:     4   Next: 14%
Magic:  4/4        EV:  6    Int:  9    God:
Gold:   36         SH:  4    Dex:  9    Spells: 3/3 levels left

rFire   . . .        a - +0 flail
rCold   . . .        c - +0 buckler
rNeg    + . .        j - +0 plate armour
rPois   ∞            k - +0 helmet
rElec   +            q - +0 cloak
rCorr   .            h - +0 pair of gloves
SInv    .            (no boots)
Will    .....        (no amulet) Stlth
                     (no ring)
HPRegen 0.24/turn    (no ring)
MPRegen 0.09/turn

%: no passive effects
@: no status effects
A: sickness immunity, AC +3, negative energy resistance 1, electricity
resistance, torment resistance 1, petrification resistance
a: no special abilities


You were on level 3 of the Dungeon.
You visited 1 branch of the dungeon, and saw 3 of its levels.

You collected 36 gold pieces.

Inventory:

Hand Weapons
 a - a +0 flail (weapon)
Missiles
 l - 2 poisoned darts (quivered)
Armour
 c - a +0 buckler (worn)
 h - a +0 pair of gloves (worn)
 j - a +0 plate armour (worn)
 k - a +0 helmet (worn)
 q - a +0 cloak (worn)
Scrolls
 f - a scroll of teleportation {unknown}
 g - 4 scrolls of identify {unknown}
 n - a scroll of immolation {unknown}
 o - a scroll of enchant armour {unknown}
Potions
 b - a potion of magic {unknown}
 d - 2 potions of might
 e - a potion of attraction {unknown}
 i - a potion of cancellation {unknown}
 m - a potion of heal wounds {unknown}
 p - a potion of degeneration {unknown}


   Skills:
 + Level 3.8 Fighting
 + Level 3.0 Maces & Flails
 + Level 3.6 Armour
 + Level 0.5 Dodging
 + Level 3.7 Shields


You had 3 spell levels left.
You didn't know any spells.
Your spell library was empty.

Dungeon Overview and Level Annotations

Branches:
Dungeon (3/15)

Altars:

Shops:
D:2 (


Innate Abilities, Weirdness & Mutations

You are immune to sickness and miasma.
Your stone body is resilient. (AC +3)
You are immune to poison.
You resist negative energy. (rN+)
You are resistant to electric shocks. (rElec)
You are resistant to unholy torment.
You are immune to petrification.


Message History

The gnoll hits you but does no damage. The gnoll barely misses you.
The orc priest hits you with a +0 flail.
You hit the orc priest.
The orc priest is severely wounded.
The bat barely misses you. x2; The gnoll barely misses you.
The gnoll hits you with a +0 whip. The orc priest barely misses you.
You are too injured to fight recklessly!
You are too injured to fight recklessly!
You are too injured to fight recklessly!
You are too injured to fight recklessly!
You are too injured to fight recklessly!
You are too injured to fight recklessly!
You are too injured to fight recklessly!
You are too injured to fight recklessly!
You are too injured to fight recklessly!
You are too injured to fight recklessly!
You are too injured to fight recklessly!
You are too injured to fight recklessly!
You are too injured to fight recklessly!
You are too injured to fight recklessly!
You are too injured to fight recklessly!
You are too injured to fight recklessly!
Unknown command.
You closely miss the orc priest.
The orc priest is severely wounded.
The bat barely misses you.
The gnoll hits you but does no damage. x2
The orc priest barely misses you.
You completely miss the orc priest.
The orc priest is severely wounded.
You block the orc priest's attack. The gnoll hits you but does no damage.
The gnoll hits you with a +0 whip. The bat hits you but does no damage.
The gnoll hits you but does no damage. x2; The orc priest barely misses you.
You closely miss the orc priest.
The orc priest is severely wounded.
The bat hits you but does no damage. The gnoll hits you but does no damage.
The gnoll hits you with a +0 whip.
* * * LOW HITPOINT WARNING * * *
The orc priest mumbles some strange prayers to Beogh against you.
Beogh smites you!
You die...

.#.## ..... ...[..
.. .?. ...#.. . ...
...... #. #.#
#...... #..
#.##.......
###..#####.#........
..........)..g......
#........†b@g......
#...#.<..)..o......
# #.###.#.#?..... #.
#..#.#...## ..
..###...## ... ....
#### .....####
..###. #..


You could see an orc priest, 2 gnolls and a bat.

Vanquished Creatures
  2 adders (D:2)
  2 dart slugs (D:1)
  2 ribbon worms (D:2)
  2 orcs (D:3)
  3 endoplasms
  2 giant cockroaches (D:1)
  A goblin (D:1)
  6 hobgoblins
  4 kobolds (D:1)
  2 quokkas
  A ball python (D:2)
  3 bats
  3 frilled lizards
  2 rats
35 creatures vanquished.

Notes
Turn   | Place    | Note
-------+----------+-------------------------------------------
     0 | D:1      | AdnanSaban the Gargoyle Fighter began the quest for the
                  | Orb.
     0 | D:1      | Reached XP level 1. HP: 14/14 MP: 1/1
    32 | D:1      | Reached XP level 2. HP: 11/19 MP: 2/2
   550 | D:1      | Reached XP level 3. HP: 24/24 MP: 3/3
   639 | D:2      | Found Erhextug's Antique Weapon Shoppe.
  1213 | D:2      | Reached XP level 4. HP: 29/29 MP: 4/4
  1413 | D:3      | Killed from afar by an orc priest

Illustrated notes

Levels and vault maps discovered:
D:1:      dreamdust_arrival_sigmund_warning, layout_basic
D:2:      layout_loops_cross, serial_shops, shop, grunt_decor_mini_mirrors,
          kennysheep_generic_room_12
D:3:      layout_loops_ring, mainiacjoe_overflow_boulevard, uniq_sigmund,
          uniq_ijyb

Skill      XL: |  1  2  3 |
---------------+----------+-----
Maces & Flails | 3 |  3.0
Fighting       | |  3.8
Armour         | |  3.6
Dodging        | |  0.5
Shields        | |  3.7

Action                     |  1- 3 |  4- 6 || total
---------------------------+-------+-------++-------
  Melee: Flail             |   101 |    29 ||   130
 Armour: Scale mail        |    46 |       ||    46
         Plate armour      |    47 |    38 ||    85
  Dodge: Dodged            |    43 |    23 ||    66
  Block: Buckler           |    24 |     5 ||    29
